 Dungeon Crawl Stone Soup version 0.28.0-47-ge53b351184 (webtiles) character file.

Game seed: 17973366628641776119

48 mortz the Magician (level 3, -1/19 HPs)
             Began as a Deep Elf Air Elementalist on May 7, 2022.
             Killed from afar by Natasha (5 damage)
             ... with a magic dart
             ... on level 2 of the Dungeon.
             The game lasted 00:08:31 (2158 turns).

mortz the Magician (Deep Elf Air Elementalist)      Turns: 2158, Time: 00:08:32

Health: -1/19      AC:  2    Str:  5    XL:     3   Next: 50%
Magic:  1/10       EV: 12    Int: 21    God:
Gold:   65         SH:  0    Dex: 15    Spells: 7/10 levels left

rFire   . . .      SeeInvis .   j - +0 short sword {short}
rCold   . . .      Faith    .   (no shield)
rNeg    . . .      Spirit   .   a - +0 robe
rPois   .          Reflect  .   (no helmet)
rElec   .          Harm     .   (no cloak)
rCorr   .          Rampage  .   (no gloves)
Will    .....                   (no boots)
Stlth   ++........              (no amulet)
HPRegen 0.06/turn               (no ring)
MPRegen 0.12/turn               (no ring)

@: no status effects
A: no striking features
a: no special abilities


You were on level 2 of the Dungeon.
You visited 1 branch of the dungeon, and saw 2 of its levels.

You collected 89 gold pieces.
You spent 24 gold pieces at shops.


   Skills:
 + Level 2.5 Dodging
 + Level 2.5 Stealth
 + Level 4.1 Spellcasting
 + Level 1.2 Conjurations
 + Level 3.8 Air Magic


You had 7 spell levels left.
You knew the following spells:

 Your Spells              Type           Power      Damage    Failure   Level
a - Shock                 Conj/Air       60%        1d6       4%          1
b - Static Discharge      Conj/Air       15%        N/A       6%          2

Your spell library contained the following spells:

 Spells                   Type           Power      Damage    Failure   Level
 Swiftness                Air            20%        N/A       8%          3
 Airstrike                Air            10%        N/A       24%         4
 Summon Guardian Golem    Hex/Summ       4%         N/A       34%         3
 Orb of Destruction       Conj           4%         9d5       100%        7
 Spellforged Servitor     Conj/Summ      3%         N/A       100%        7

Inventory:

Hand Weapons
 c - a +0 club {mace}
   (You found it on level 1 of the Dungeon)
 i - a +2 dagger of speed {short}
   (You found it on level 1 of the Dungeon)
 j - a +0 short sword (weapon) {short}
   (You took it off a kobold on level 1 of the Dungeon)
Missiles
 g - 6 poisoned darts {throwing}
Armour
 a - a +0 robe (worn)
 n - a +0 plate armour
   (You found it on level 2 of the Dungeon)
 o - +0 ice dragon scales
   (You found it on level 2 of the Dungeon)
Scrolls
 d - a scroll of fog {unknown}
 e - a scroll of enchant armour {unknown}
 h - a scroll of fear {unknown}
Potions
 b - a potion of flight {unknown}
 f - a potion of heal wounds {unknown}
 k - a potion of invisibility
 l - a potion of mutation {unknown}
 m - 2 potions of curing {unknown}

Dungeon Overview and Level Annotations

Branches:
Dungeon (2/15)

Altars:

Shops:
D:1 ?(=

Annotations:
D:2 Natasha

#.# #.#####.# ####.##
##'## #.(...# ##...##
#.##.### ##.....##
#.##.#.## #<......##
#.##....####.........#
#..........'.........'
#..##....###.........#
#..##@.#.# ##.......##
#......#.# ##.....##
##h##.## # ##...##
#.##5# ##'# #h.5....#
#† ####.#### # #.# #.#
..


You could see Natasha, a crimson imp (summoned) and a shadow imp (summoned).


Message History

😎 MP[-1]
You lost 1 mp, and now have 5/10 mp.
Aiming: Shock (safe; 4% risk of failure)
Press: ? - help, Q - select action, (/) - cycle Shift-Dir - straight line, f/p - worm
Aim: a worm (severely wounded, 90% to hit)
The zap hits the worm. 😎 MP[-1]
You lost 1 mp, and now have 4/10 mp.
Aiming: Shock (safe; 4% risk of failure)
Press: ? - help, Q - select action, (/) - cycle Shift-Dir - straight line, f/p - worm
Aim: a worm (severely wounded, 90% to hit)
The zap hits the worm. 😎 MP[-1]
You lost 1 mp, and now have 3/10 mp.
Aiming: Shock (safe; 4% risk of failure)
Press: ? - help, Q - select action, (/) - cycle Shift-Dir - straight line, f/p - worm
Aim: a worm (almost dead, 90% to hit)
The zap hits the worm.
You kill the worm!
Your magical contamination has completely faded away.
You enter the shallow water.
Moving in this stuff is going to be slow.
You see here a bat corpse.
You now have 65 gold pieces (gained 9).
Natasha, Servant of Life and Death comes into view. 😎 MP[+7]
Your mp is fully restored (10).
Aiming: Shock (safe; 4% risk of failure)
Press: ? - help, Q - select action, (/) - cycle Shift-Dir - straight line, f - Natasha
Aim: Natasha (asleep, 100% to hit)
The zap hits Natasha.
Natasha hisses angrily.
Natasha growls.
Natasha casts a spell. 😎 MP[-1]
You lost 1 mp, and now have 9/10 mp.
Aiming: Shock (safe; 4% risk of failure)
Press: ? - help, Q - select action, (/) - cycle Shift-Dir - straight line, f/p - Natasha
Aim: Natasha (lightly wounded, 64% to hit)
The zap hits Natasha but does no damage. 😎 MP[-1]
You lost 1 mp, and now have 8/10 mp.
Aiming: Shock (safe; 4% risk of failure)
Press: ? - help, Q - select action, (/) - cycle Shift-Dir - straight line, f/p - Natasha
Aim: Natasha (lightly wounded, 64% to hit)
The zap hits Natasha.
The zap hits the shadow imp.
Natasha casts a spell. 😎 MP[-1]
You lost 1 mp, and now have 7/10 mp.
Aiming: Shock (safe; 4% risk of failure)
Press: ? - help, Q - select action, (/) - cycle Shift-Dir - straight line, f/p - Natasha
Aim: Natasha (heavily wounded, 64% to hit)
The zap hits the shadow imp.
The zap misses Natasha.
The zap hits the shadow imp.
The shadow imp picks up a beetle and eats it.
The shadow imp closely misses you. 😎 MP[-1]
You lost 1 mp, and now have 6/10 mp.
Casting: Shock (safe; 4% risk of failure)
Confirm with . or Enter, or press ? or * to list all spells.
The shadow imp is struck by an arc of lightning!
You are struck by an arc of lightning.
The lightning grounds out.
The shadow imp hits you. 😮 HP[-7] MP[-2]
You take 7 damage, and now have 12/19 hp.
MASSIVE DAMAGE!! (PAUSE)
You lost 2 mp, and now have 4/10 mp.
Casting: Static Discharge (safe; 6% risk of failure)
Confirm with . or Enter, or press ? or * to list all spells.
The shadow imp is struck by an arc of lightning!
You kill the shadow imp!
The shadow imp disappears in a puff of smoke!
Natasha is struck by an arc of lightning.
The lightning grounds out.
Natasha casts a spell. 😮 MP[-2]
You lost 2 mp, and now have 2/10 mp.
Aiming: Shock (safe; 4% risk of failure)
Press: ? - help, Q - select action, (/) - cycle Shift-Dir - straight line, f/p - Natasha
Aim: Natasha (severely wounded, 64% to hit)
The zap misses Natasha. 😮 MP[-1]
You lost 1 mp, and now have 1/10 mp.
Casting: Shock (safe; 4% risk of failure)
Confirm with . or Enter, or press ? or * to list all spells.
You don't have enough magic to cast this spell.
Aiming: Shock (safe; 4% risk of failure)
Press: ? - help, Q - select action, (/) - cycle Shift-Dir - straight line, f/p - Natasha
Aim: Natasha (black smoke, severely wounded, 64% to hit)
The zap hits Natasha.
The zap misses the shadow imp.
Natasha claws you!
* * * LOW HITPOINT WARNING * * *
😱 HP[-8]
You take 8 damage, and now have 4/19 hp.
MASSIVE DAMAGE!! (PAUSE) Natasha casts a spell.
The crimson imp shouts!
Natasha stares at you and mumbles some strange words.
The magic dart hits you.
You die...

Skill      XL: |  1  2  3 |
---------------+----------+-----
Spellcasting   | 4 |  4.1
Dodging        | |  2.5
Stealth        | |  2.5
Conjurations   | |  1.2
Air Magic      | |  3.8

Action                   || total
-------------------------++-------
 Cast: Shock             ||    78
       Static Discharge  ||     6
  Use: Scroll            ||     2
Dodge: Dodged            ||     1

Levels and vault maps discovered:
D:1:      psy_arrival_radial01, layout_basic, serial_shops,
          nicolae_shop_hallway_plus, nicolae_diamond_shop,
          nicolae_shop_bloodbath_and_beyond, minmay_pentomino_w2
D:2:      layout_loops_corners, hellmonk_ecumenical_altar_leap_of_faith,
          minmay_misc_feat_pillars, grunt_decor_arrowhead,
          chequers_serial_rivers_small_3, uniq_natasha

Notes
Turn   | Place    | Note
-------+----------+-------------------------------------------
     0 | D:1      | mortz the Deep Elf Air Elementalist began the quest for the
                  | Orb.
     0 | D:1      | Reached XP level 1. HP: 10/10 MP: 6/6
     0 | D:1      | magus.rc [v1.9.6]
    39 | D:1      | Found Cicehac's Magic Scroll Shoppe.
   388 | D:1      | magus.rc [v1.9.6]
   412 | D:1      | Reached XP level 2. HP: 15/15 MP: 1/8
   415 | D:1      | Learned a level 2 spell: Static Discharge
   662 | D:1      | Bought a scroll of identify for 24 gold pieces
   741 | D:1      | Found Juhicof's Weapon Shop.
  1121 | D:1      | Found Suhyisowk's Jewellery Shoppe.
  1280 | D:1      | magus.rc [v1.9.6]
  1357 | D:2      | You pick up a book of Dangerous Friends and begin
                  | reading...
  1357 | D:2      | You add the spells Summon Guardian Golem, Orb of
                  | Destruction and Spellforged Servitor to your library.
  1574 | D:2      | Reached XP level 3. HP: 19/19 MP: 8/10
  1714 | D:2      | Reached skill level 4 in Spellcasting
  2146 | D:2      | Noticed Natasha
  2154 | D:2      | HP: 4/19 [Natasha (8)]
  2158 | D:2      | Killed from afar by Natasha

Vanquished Creatures
  A worm (D:2)
  A dart slug (D:2)
  5 endoplasms
  2 giant cockroaches
  3 hobgoblins
  3 quokkas
  6 ball pythons
  5 bats
  A frilled lizard (D:1)
  4 goblins
  2 kobolds
  8 rats
41 creatures vanquished.

Table legend:
 A = Non-vault XP
 B = Vault XP
 C = Vault XP percentage of total XP
 D = Non-vault monster count
 E = Vault monster count
 F = Vault count percentage of total count
                 A         B        C        D         E       F
            +---------+---------+-------+---------+---------+-------
      Total |      69 |       0 |   0.0 |      41 |       0 |   0.0
            +---------+---------+-------+---------+---------+-------
        D:1 |      34 |       0 |   0.0 |      24 |       0 |   0.0
        D:2 |      35 |       0 |   0.0 |      17 |       0 |   0.0
            +---------+---------+-------+---------+---------+-------

Illustrated notes

Table legend:
 A = Kills in this place as a percentage of kills in entire the game.
 B = Kills by you in this place as a percentage of kills by you in the entire game.
 C = Kills by friends in this place as a percentage of kills by friends in the entire game.
 D = Other kills in this place as a percentage of other kills in the entire game.
 E = Experience gained in this place as a percentage of experience gained in the entire game.
 F = Experience gained in this place divided by the number of levels of this place that you have seen.
                   A       B       C       D       E      F
               +-------+-------+-------+-------+-------+----------------------
         Total | 100.0 | 100.0 |   N/A |   N/A | 100.0 |  34.5
       Dungeon | 100.0 | 100.0 |   N/A |   N/A | 100.0 |  34.5
               +-------+-------+-------+-------+-------+----------------------

Table legend: (Time is in decaauts)
 A = Elapsed time spent in this place.
 B = Non-inter-level travel time spent in this place.
 C = Inter-level travel time spent in this place.
 D = Time resting spent in this place.
 E = Time spent auto-exploring this place.
 F = Levels seen in this place.
 G = Mean time per level.
                   A        B        C        D        E       F      G
               +--------+--------+--------+--------+--------+-----+--------+
         Total |   2157 |   2082 |     75 |     93 |   1768 |   2 | 1078.5 |
       Dungeon |   2157 |   2082 |     75 |     93 |   1768 |   2 | 1078.5 |
               +--------+--------+--------+--------+--------+-----+--------+

Top non-repeatable levels by time:
     D:1: 1304 daAuts
     D:2: 853 daAuts
